Cogmind - Beta 15 @@@ ROGUE MODE // 2025.09.14 @ 13:58:06 Player: BLINGO GOVLIN Result: Destroyed by L4-2OP(R) with Subdweller Beam Cannon Performance ------------- Evolutions (0) 0 Regions Visited (2) 400 Robots Destroyed (21) 105 Value Destroyed (565) 565 Prototype IDs (2) 40 Alien Tech Used (0) 0 Bonus (0) 0 TOTAL SCORE: 1110 Bonus ------- None Cogmind --------- Core Integrity 0/250 Matter 95/300 Energy 100/100 System Corruption 0% Temperature Cool (9) Movement Walking (190) Ox1 Location -10/Subcaves Parts ------- > --- POWER (1) -------- (None) > --- PROPULSION (2) --- Aluminum Leg > --- UTILITY (2) ------ Light Armor Plating > --- WEAPON (2) ------- Subdweller Shrapnel Launcher Subdweller Shrapnel Launcher > --- INVENTORY (5) ---- Aluminum Leg Seismic Detector Riot Gun Heavy Riot Gun Light Assault Rifle Peak State ------------ > --- POWER ------------ Light Nuclear Core > --- PROPULSION ------- Aluminum Leg Aluminum Leg > --- UTILITY ---------- Large Storage Unit Light Armor Plating > --- WEAPON ----------- Heavy Riot Gun Grenade Launcher > --- INVENTORY -------- Light Ion Engine Aluminum Leg Improved Terrain Scanner Seismic Detector Seismic Detector EM Pulse Gun Small Laser Particle Gun Light Assault Rifle Light Cannon Subdweller Shrapnel Launcher [Rating: 13] Favorites ----------- Power Light Nuclear Core Engine Ion Engine Power Core Light Nuclear Core Propulsion Aluminum Leg Treads Light Treads Leg Aluminum Leg Utility Light Armor Plating Device Seismic Detector Storage Large Storage Unit Protection Light Armor Plating Weapon Assault Rifle Energy Gun Small Laser Ballistic Gun Assault Rifle Launcher Subdweller Shrapnel Launcher Build | -11 -10 -10 ------- Run | Yrd Mat Sub Slots Evolved . | . . . Power . | . . . Propulsion . | . . . Utility . | . . . Weapon . | . . . Parts Attached 23 | 7 8 8 Power 2 | 1 1 . Engine 1 | 1 . . Core 1 | . 1 . Reactor . | . . . Propulsion 5 | 2 2 1 Treads 2 | 2 . . Leg 3 | . 2 1 Wheel . | . . . Hover . | . . . Flight . | . . . Utility 6 | 2 3 1 Device 1 | 1 . . Storage 2 | 1 1 . Processor . | . . . Hackware . | . . . Protection 3 | . 2 1 Artifact . | . . . Weapon 10 | 2 2 6 Energy Gun 4 | . 1 3 Energy Cannon . | . . . Ballistic Gun 3 | 2 . 1 Ballistic Cannon . | . . . Launcher 3 | . 1 2 Special Weapon . | . . . Impact Weapon . | . . . Slashing Weapon . | . . . Piercing Weapon . | . . . Special Melee Weapon . | . . . Unidentified Prototypes . | . . . Parts Lost 7 | . . 7 Power 1 | . . 1 Propulsion 2 | . . 2 Utility 1 | . . 1 Weapon 3 | . . 3 Highest Loss Streak 4 | . . 4 To Critical Strikes . | . . . Average Backups 8 | . 5 10 Power . | . 1 . Propulsion . | . . 1 Utility 2 | . 2 3 Weapon 3 | . . 5 Tool/Special . | . . . Unused Backups 7 | . . 7 Power 1 | . . 1 Propulsion 1 | . . 1 Utility 2 | . . 2 Weapon 3 | . . 3 Tool/Special . | . . . Average Slot Usage (%) 98 | . 100 97 Engine 2 | . 7 . Core 11 | . 6 13 Treads 6 | . 16 . Leg 21 | . 11 27 Device 1 | . 3 . Storage 13 | . 14 13 Protection 12 | . 10 14 Energy Gun 12 | . 6 16 Ballistic Gun 8 | . 21 . Launcher 5 | . . 9 Peak Build Rating 13 | 7 11 13 Average Rating 9 | 5 8 10 On Entrance 6 | . 7 11 Naked Turns . | . . . Heaviest Build 44 | 14 34 44 Greatest Support 40 | 40 40 20 Greatest Overweight (x) 3 | . 1 3 Average Overweight (x) . | . . 1 Largest Inventory Capacity 15 | 8 15 15 Average Capacity 12 | 7 10 14 Most Carried 13 | 3 12 13 Average Carried 8 | 1 5 10 Final Capacity 15 | 8 15 5 Final Carried 12 | 2 12 5 Class Distribution -------------------- 78% | Mutant 21% | Scavenger-Mutant Dominant Class ---------------- Mutant | -10/Materials Mutant | -10/Subcaves Resources | -11 -10 -10 ----------- Run | Yrd Mat Sub Matter Collected 640 | 310 204 126 Remotely . | . . . Salvage Created 710 | 105 430 175 Parts 46 | 2 31 13 Haulers Intercepted . | . . . Recyclers Shooed . | . . . Parts Field Recycled . | . . . Retrieved Matter . | . . . Parts Self-Destructed 2 | . . 2 Prevented . | . . . Kills | -11 -10 -10 ------- Run | Yrd Mat Sub Combat Hostiles Destroyed 18 | . 13 5 Guns 15 | . 13 2 AOE 3 | . . 3 Classes Destroyed 7 | 2 3 2 Tunneler 1 | 1 . . Recycler 1 | 1 . . Operator 1 | . 1 . Swarmer 6 | . 6 . Grunt 7 | . 7 . Sentry 1 | . . 1 Subdweller 4 | . . 4 Best Kill Streak 4 | 1 4 2 Combat Bots Only 4 | . 4 2 Max Kills in Single Turn 1 | 1 1 1 Gunslinging . | . . . Exploded 1 | . . 1 Melee . | . . . Uniques/NPCs Destroyed . | . . . Combat | -11 -10 -10 -------- Run | Yrd Mat Sub Hostile Shots Fired 114 | . 74 40 Missed 28 | . 13 15 Hits 86 | . 61 25 Projectile 86 | . 61 25 AOE 10 | . . 10 Critical Strikes 1 | . . 1 Damage Taken 1616 | . 596 1020 Core 261 | . 96 165 Absorbed by Shields . | . . . Regen/Repaired (Parts) 16 | . 16 . Core Remaining (%) 100 | 100 . . Volleys Fired 71 | 10 41 20 Largest 2 | 2 2 2 Hottest 105 | 40 85 105 Shots Fired 132 | 20 81 31 Gun 117 | 20 80 17 Cannon . | . . . Launcher 15 | . 1 14 Special . | . . . Kinetic 99 | 20 67 12 Thermal 18 | . 13 5 Explosive 10 | . 1 9 Electromagnetic 5 | . . 5 Robot Hit Streak 11 | 6 11 6 Robot Miss Streak 4 | 1 4 1 Penetration Max . | . . . Secondary Targets 2 | . 2 . Max Gunslinging Chain 1 | . 1 . Shots Hit Robots 81 | 16 46 19 Core Hits 37 | 5 23 9 Critical Kills . | . . . Critical Parts Destroyed . | . . . Critical Strikes . | . . . Melee Attacks . | . . . Impact . | . . . Slashing . | . . . Piercing . | . . . Sneak Attacks . | . . . Combat Hostiles . | . . . Follow-up Attacks . | . . . Damage Inflicted 1366 | 174 524 668 Guns 855 | 174 524 157 Cannons . | . . . Explosions 511 | . . 511 Melee . | . . . Ramming . | . . . Kinetic 923 | 174 462 287 Thermal 158 | . 62 96 Explosive 242 | . . 242 Electromagnetic 43 | . . 43 Impact . | . . . Slashing . | . . . Piercing . | . . . Highest Corruption . | . . . Average Corruption . | . . . Corruption Purged . | . . . Corruption Blocked . | . . . Overload Shots . | . . . Overflow Damage 13 | . . 13 Projectiles . | . . . Explosions 13 | . . 13 Melee . | . . . Knockbacks . | . . . Impact . | . . . Kinetic . | . . . Secondary . | . . . Self-Inflicted Damage 203 | . 30 173 Shots 9 | . 1 8 Rammed . | . . . Targets Rammed . | . . . Kicked . | . . . Crushed . | . . . Highest Temperature 196 | . 196 12 Average Temperature 64 | . 66 12 Received Heat Transfer 222 | . 159 63 Siege Activations . | . . . Martial Activations . | . . . Shielding Activations . | . . . Robots Disrupted . | . . . Combat Hostiles . | . . . Robots Corrupted . | . . . Combat Hostiles . | . . . Parts Fried . | . . . Impact Corruptions . | . . . Robots Melted . | . . . Combat Hostiles . | . . . Parts Melted . | . . . Heat Transferred 310 | . 148 162 Parts Sabotaged . | . . . Parts Stolen . | . . . Parts Stripped . | . . . Power Chain Reactions 1 | . . 1 Alert | -11 -10 -10 ------- Run | Yrd Mat Sub Maximum Alert Level . | . . . Low Security (%) 100 | 100 100 . Level 1 . | . . . Level 2 . | . . . Level 3 . | . . . Level 4 . | . . . Level 5 . | . . . High Security . | . . . Max Security . | . . . Peak Influence 138 | 5 138 . Initial 3 | . 3 . Average 50 | . 56 . Influence Increases 472 | 10 442 20 Destroy 0b10 Robot/C 280 | . 260 20 Destroy 0b10 Robot/NC 15 | 10 5 . Destroy Leader 60 | . 60 . Successful Hack 36 | . 36 . Disable Machine 30 | . 30 . Destroy Structure 6 | . 6 . Lose Combat Pursuer 45 | . 45 . Influence Decreases 472 | 5 447 20 Entered New Map 2 | . 2 . Time Decay 470 | 5 445 20 Squads Dispatched 4 | . 4 . Investigation 3 | . 3 . Extermination . | . . . Reinforcement 1 | . 1 . Assault . | . . . Garrison . | . . . Intercept . | . . . Searches Triggered . | . . . Construction Impeded . | . . . Haulers Reinforced . | . . . Active Scanning Responses . | . . . Cargo Convoy Interrupts . | . . . Stealth | -11 -10 -10 --------- Run | Yrd Mat Sub Distress Signals . | . . . Communications Jammed . | . . . Distress Signals . | . . . Times Spotted 30 | . 23 7 Peak Tracking Total 3 | . 3 2 Tactical Retreats 2 | . 2 . Traps | -11 -10 -10 ------- Run | Yrd Mat Sub Traps Triggered 2 | . 2 . Indirectly . | . . . Trap Hack Attempts . | . . . Triggered . | . . . Disarmed . | . . . Reprogrammed . | . . . Reused . | . . . Traps Extracted . | . . . Installed . | . . . Triggered . | . . . Machines | -11 -10 -10 ---------- Run | Yrd Mat Sub Machines Disabled 2 | . 2 . Max in Single Turn 1 | . 1 . Machines Repaired . | . . . Machines Dismantled . | . . . Machines Sabotaged . | . . . Overloaded Fab Kills . | . . . Hacking | -11 -10 -10 --------- Run | Yrd Mat Sub Machines Accessed 6 | . 6 . Terminals 5 | . 5 . Fabricators . | . . . Repair Stations 1 | . 1 . Recycling Units . | . . . Scanalyzers . | . . . Garrison Access . | . . . Total Hacks 12 | . 12 . Successful 6 | . 6 . Failed 6 | . 6 . Catastrophic 1 | . 1 . Database Lockouts . | . . . Manual 1 | . 1 . Terminals 10 | . 10 . Fabricators . | . . . Repair Stations 2 | . 2 . Recycling Units . | . . . Scanalyzers . | . . . Garrison Access . | . . . Terminal Hacks 4 | . 4 . Prototype ID Bank 1 | . 1 . Branch Access Points 1 | . 1 . Hauler Manifests 1 | . 1 . Zone Layout 1 | . 1 . Fabricator Hacks . | . . . Repair Station Hacks 2 | . 2 . Scan Component 1 | . 1 . Repair 1 | . 1 . Recycling Unit Hacks . | . . . Scanalyzer . | . . . Garrison Access Hacks . | . . . Unauthorized Hacks . | . . . Terminals . | . . . Fabricators . | . . . Repair Stations . | . . . Recycling Units . | . . . Scanalyzers . | . . . Garrison Access . | . . . Data Cores Recovered . | . . . Used . | . . . Hacking Detections 5 | . 5 . Full Trace Events 1 | . 1 . Feedback Events . | . . . Feedback Blocked . | . . . Robot Schematics Acquired . | . . . Robots Built . | . . . Authchips . | . . . Time . | . . . Total Robot Build Rating . | . . . Part Schematics Acquired . | . . . Parts Built . | . . . Authchips . | . . . Time . | . . . Total Part Build Rating . | . . . Parts Repaired 1 | . 1 . Time 26 | . 26 . Parts Recycled . | . . . Recycled Matter . | . . . Retrieved Matter . | . . . Retrieved Components . | . . . Parts Scanalyzed . | . . . Part Schematics Acquired . | . . . Parts Damaged . | . . . Bothacking | -11 -10 -10 ------------ Run | Yrd Mat Sub Used RIF Installer . | . . . Robots Hacked . | . . . Non-combat . | . . . Combat . | . . . Robot Hacks Applied . | . . . Relay Couplers Released . | . . . Fabnet Peak Effective % . | . . . Robots Rewired . | . . . Allies Hacked . | . . . Hacks Repelled . | . . . Allies | -11 -10 -10 -------- Run | Yrd Mat Sub Total Allies . | . . . Largest Group . | . . . Highest-Rated Group . | . . . Highest-Rated Ally . | . . . Total Orders . | . . . Ally Attacks . | . . . Total Damage . | . . . Kills . | . . . Allies Corrupted . | . . . Allies Melted . | . . . Intel | -11 -10 -10 ------- Run | Yrd Mat Sub Active Infowar (turns) 283 | 6 277 . Seismic 283 | 6 277 . Robot Analysis Total . | . . . Derelict Logs Recovered 1 | . . 1 Drone Launches . | . . . Drone Recoveries . | . . . Exploration | -11 -10 -10 ------------- Run | Yrd Mat Sub Turns Passed 3322 | 136 1145 2041 Spaces Moved 1598 | 65 520 1013 Core 10 | 10 . . Treads 322 | 55 267 . Legs 1266 | . 253 1013 Wheels . | . . . Hover . | . . . Flight . | . . . Fastest Speed 50 | 50 120 120 Average Speed 181 | 143 165 192 Slowest Speed 330 | 160 190 330 Overloaded Moves . | . . . Propulsion Burnouts . | . . . Robots Hopped . | . . . Potential Cave-ins . | . . . Cave-ins Triggered . | . . . Exploration Rate (%) 51 | 5 82 66 Regions Visited 2 Branch Regions 1 Pre-discovered Areas 1 | . . 1 Known Exits Taken . | . . . Unknown Exits Taken 2 | 1 1 . Scrap Searched . | . . . Spaces Dug 6 | . 6 . Terrain Destroyed 76 | . 6 70 Melee . | . . . Projectile . | . . . AOE 76 | . 6 70 Terrain Rammed . | . . . Walls Destroyed . | . . . Machines Disabled . | . . . Actions | -11 -10 -10 --------- Run | Yrd Mat Sub Total 1889 | 90 732 1067 Wait 156 | . 141 15 Move 1596 | 64 519 1013 Hop . | . . . Pick Up 32 | 9 17 6 Fast Attach . | . . . Attach 12 | 7 . 5 Detach . | . . . Swap 15 | . 8 7 Drop 7 | . 6 1 Fire 71 | 10 41 20 Melee . | . . . Ram . | . . . Kick . | . . . Crush . | . . . Escape Stasis . | . . . Rewire . | . . . Trap . | . . . Miscellaneous . | . . . Route ------- -11/Scrapyard -10/Materials (discovered 5 exits: [*Mat x3] / *Min / [*Sub]) -10/Subcaves (discovered 2 exits: [*Mat x2]) History --------- Turn | Location | Event 4 | -11/Scrapyard | Discovered new exit (range 15) 137 | -11/Scrapyard | Entered Materials 229 | -10/Materials | Identified exit to Mines 304 | -10/Materials | Build established: Mutant 374 | -10/Materials | Discovered new exit (range 8) 542 | -10/Materials | Discovered new exit (range 5) 607 | -10/Materials | Discovered new exit (range 5) 703 | -10/Materials | Repaired Seismic Detector 853 | -10/Materials | Discovered new exit (range 5) 1123 | -10/Materials | Build established: Scavenger-Mutant 1282 | -10/Materials | Entered Subcaves 1309 | -10/Subcaves | A swath of the cavern ceiling suddenly collapsed 1347 | -10/Subcaves | Learned location of Mines (-10) 1362 | -10/Subcaves | Discovered new exit (range 8) 1394 | -10/Subcaves | Discovered new exit (range 10) 1528 | -10/Subcaves | Shifting Twisted Machinery released Riot Gun 1550 | -10/Subcaves | Core integrity fell below 50% 1584 | -10/Subcaves | Lost 4 parts (1n1u2w) 1606 | -10/Subcaves | Shifting Twisted Machinery released Enh. Flamer 1826 | -10/Subcaves | Build established: Mutant 2385 | -10/Subcaves | Shifting Twisted Machinery released Sub. Shrapnel Launcher 2419 | -10/Subcaves | Shifting Twisted Machinery released Flamer 2584 | -10/Subcaves | Shifting Twisted Machinery released Hvy. Riot Gun 2602 | -10/Subcaves | Shifting Twisted Machinery released Riot Gun 2707 | -10/Subcaves | Core integrity fell below 20% 3185 | -10/Subcaves | Disturbed a concealed Subdweller 3323 | -10/Subcaves | Destroyed by L4-2OP(R) with Subdweller Beam Cannon Last Messages --------------- 02701_ NI-9JW(R) affixes Scrap Shield Fragment to Scrap Shield. 02705_ Subatomizers dissect the Disposable Heat Sink. 02705_ The unstable cave ceiling collapses. 02710_ NI-9JW(R) destroyed. 02730_ The unstable cave ceiling collapses. 02741_ PO-FET(u) deconstructs Twisted Machinery. 02783_ The unstable cave ceiling collapses. 02794_ PO-FET(u) deconstructs Twisted Machinery. 02796_ PO-FET(u) builds Twisted Machinery. 02810_ Grenade Launcher destroyed. 02810_ Destroyed Grenade Launcher. 02816_ PO-FET(u) builds Twisted Machinery. 03076_ Acquired Sub. Shrapnel Launcher. 03169_ Acquired Sub. Machine Gun. 03271_ Lgt. Nuclear Core destroyed. 03276_ Dropped Lrg. Storage Unit. 03319_ Aluminum Leg destroyed. Map ----- +----------------------------------------------------+ | #?### ??# #?# ### #? | | #???# ?## ## #?# ## #?## ## | | ????# #?###### ##?######### #?##### # | | ????# ##??????####??????????# #?# ## # | | ????# #?????????????????????## #?# ## | | ????######?????????????????????## #?# ##? | | ???????????????????????????????# #?# #?? | | ???????????????????????????????# #?## ## #?? | | ??????????????????????????????## #??# ### ##? | | ?????????????????????????????## #??# #### ## | | ?????????????????????????????# #?## #?# | | ?????????????????????????????# #### ### | | ??????????????????????##?????# ## ## | | ???????????????????????"#????# ## | | ???????????????????????&&????## | | ????????????????????##?? ?????# | | ????????????????????# ?"###??# ######### | | ???????????????????### ##R ??# ####???###### | | ???????????????????# " <# ??# [##### # # | | ????????????????????? #### [*! ] | | ???????????????????????# ## # # [!#!# ## # | | ???????????????????????# # ############### | | ?????????????????# ????# ### #?????????????? | | ??????????????????# ### # ## ##?????????????? | | ??????????????????# # #####??????????????? | | ??????????????????### @ # ##??????????????????? | | ????????????????????# ###???????????????????? | | ????????????????????## ## #?????????????????????? | | ?????????????????????##?# ?????????????????????? | | ???????????????????????? #????????????????????? | | ???????????????????????? ????????????????????? | | ???????????????????????# ???????????????????? | | ??????????????????????? ???????????????????? | | ??????????????????????? ??????????????????? | | ??????????????????????? ### ?????????????????? | | ?????????????????????? #??? ?????????????????? | | ??????????????????????##???? ????????????????? | | ???????????????????????????? #????????????????? | | ????????????????????????????? #????????????????? | | ????????????????????????????? ???????????????????? | | ?????????????????????????????????????????????????? | | ?????????????????????????????????????????????????? | | ?????????????????????????????????????????????????? | | ?????????????????????????????????????????????????? | | ?????????????????????????????????????????????????? | | ? #??????????????????????????????????????????????? | | ##?????????????????????????????????????????????? | | #?????????????????????????????????????????????? | | ??????????????????????????????????????????????? | | ??????????????????????????????????????????????? | +----------------------------------------------------+ Best States ------------- Heat Dissipation 25 Energy Generation 14 Energy Capacity 250 Matter Stores 300 Matter Capacity 300 Sight Range 16 Terrain Scan Density 10 Armor Coverage 150 Evasion (%) 55 Recoil Reduction 2 Item Schematics ----------------- None Robot Schematics ------------------ None Fabricated ------------ Nothing Repaired ---------- Seismic Detector | 20% | -10/Materials Alien Tech Used ----------------- None Achievements -------------- None Challenges ------------ None Game ------ Seed ConceptShockUnit Manual? 0 Play Time 00:16:33 Cumulative 30.4 hours Start 2025.09.14 @ 13:38:47 End 2025.09.14 @ 13:58:06 Sessions 1 Manual Loads 0 Difficulty Rogue Special Mode None Game No. 63 Rogue 63 Adventurer 0 Explorer 0 Win Type - Total 1 Types 1/0/0/0/0/0/0/0/0/0 Lore% 12 Gallery% 30 Achievement% 28 Wizard Run 0 Options --------- Layout 1 ASCII 0 Keyboard 0 Movement Mouse Keybinds 0 Fullscreen 1 Font 32/SmallcapsGlow Map View 50x35 Zoom Use 0% Tactical HUD 1 Map Filters NONE Filters NONE Steam 1 RUN: 417a7f38-84f0-47ad-8bf9-4a10f495437a